 Dungeon Crawl Stone Soup version 0.31-b1-12-gca42e3d1b8 (webtiles) character file.

Game seed: 12177097634966857673

34 Aldia the Trooper (level 3, -2/37 HPs)
             Began as an Oni Warper on Jan 14, 2024.
             Slain by an adder (3 damage)
             ... on level 1 of the Dungeon.
             The game lasted 00:02:34 (758 turns).

Aldia the Trooper (Oni Warper)                       Turns: 758, Time: 00:02:34

Health: -2/37      AC:  3    Str: 17    XL:     3   Next: 31%
Magic:  6/6        EV:  9    Int: 14    God:
Gold:   44         SH:  0    Dex:  8    Spells: 5/7 levels left

rFire   . . .        a - +0 mace
rCold   . . .        (no shield)
rNeg    + . .        h - +0 robe {rN+}
rPois   .            (helmet restricted)
rElec   .            (no cloak)
rCorr   .            (gloves unavailable)
SInv    .            (boots unavailable)
Will    .....        (no amulet)
Stlth   +            (no ring)
HPRegen 0.26/turn    (no ring)
MPRegen 0.10/turn

%: no passive effects
@: lethally poisoned (-2 -> -3)
A: large, unfitting armour, horns 1, tough skin 1, double potion healing,
drunken brawling
a: no special abilities


You were on level 1 of the Dungeon.
You visited 1 branch of the dungeon, and saw 2 of its levels.

You collected 44 gold pieces.

Inventory:

Hand Weapons
 a - a +0 mace (weapon)
Missiles
 b - 2 poisoned darts
 d - 7 darts of dispersal (quivered)
Armour
 h - a +0 robe of positive energy (worn)
Scrolls
 c - a scroll of blinking
 e - a scroll of identify {unknown}
 i - a scroll of enchant weapon {unknown}
Potions
 f - a potion of degeneration {unknown}
 g - a potion of curing
 j - a potion of lignification {unknown}


   Skills:
 + Level 3.3 Fighting
 * Level 2.9 Maces & Flails
 - Level 1.0 Throwing
 - Level 2.1 Dodging
 - Level 2.5 Spellcasting
 + Level 3.0 Translocations


You had 5 spell levels left.
You knew the following spells:

 Your Spells              Type           Power      Damage    Failure   Level
a - Blink                 Tloc           20%        N/A       10%         2

Your spell library contained the following spells:

 Spells                   Type           Power      Damage    Failure   Level
 Lesser Beckoning         Tloc           20%        N/A       10%         2
 Teleport Other           Tloc           10%        N/A       19%         3
 Manifold Assault         Tloc           10%        N/A       54%         4
 Vhi's Electric Charge    Tloc/Air       12%        N/A       77%         4


Dungeon Overview and Level Annotations

Branches:
Dungeon (2/15)

Altars:


Innate Abilities, Weirdness & Mutations

You are too large for most types of armour.
You have a pair of small horns on your head.
You have tough skin. (AC +1)
You gain doubled healing and magic from potions.
Whenever you drink a healing potion, you attack all around you.


Message History

You miss the adder. Your headbutt misses the adder.
The adder is severely wounded.
The adder bites you. The frilled lizard barely misses you.
The adder bites you but does no damage.
You closely miss the adder.
The adder is severely wounded.
The adder bites you but does no damage.
The frilled lizard bites you but does no damage.
The adder bites you.
You barely miss the adder. Your headbutt misses the adder.
The adder is severely wounded.
The frilled lizard bites you but does no damage.
The adder bites you.
* * * LOW HITPOINT WARNING * * *
The frilled lizard barely misses you.
You closely miss the adder.
The adder is severely wounded.
The adder bites you.
* * * LOW HITPOINT WARNING * * *
The frilled lizard bites you but does no damage.
The adder bites you but does no damage.
You closely miss the adder.
The adder is severely wounded.
The adder bites you but does no damage. The frilled lizard bites you.
* * * LOW HITPOINT WARNING * * *
The adder bites you.
* * * LOW HITPOINT WARNING * * *
You are poisoned.
The adder poisons you!
You closely miss the adder.
The adder is severely wounded.
You feel sick.
The frilled lizard bites you but does no damage.
The adder bites you but does no damage.
You hit the adder but do no damage.
The adder is severely wounded.
You feel sick. The frilled lizard bites you.
* * * LOW HITPOINT WARNING * * *
The adder bites you.
You die...

#######.#
##.......##
#.###..⌠...⌠..#
#........⌠.....
#.####.......##
#.# ####.##### #.#
#.##.## #.#
#......
##########.#
######...
#.....S@l..#
#........
#.##########
#.###.... #.#
#####.# #.###
#.##########.....#
#.# #
#............#####
#.# #
############## #.#
# #.# # #.# #.###


You could see an adder and a frilled lizard.

Vanquished Creatures
  5 bats
  2 endoplasms
  4 giant cockroaches (D:1)
  2 goblins (D:1)
  3 hobgoblins (D:1)
  3 quokkas
  4 ball pythons (D:1)
  A kobold (D:1)
  8 rats
32 creatures vanquished.

Notes
Turn   | Place    | Note
-------+----------+-------------------------------------------
     0 | D:1      | Aldia the Oni Warper began the quest for the Orb.
     0 | D:1      | Reached XP level 1. HP: 22/22 MP: 3/3
   178 | D:1      | Reached XP level 2. HP: 29/29 MP: 5/5
   181 | D:1      | Learned a level 2 spell: Blink
   428 | D:1      | Reached XP level 3. HP: 34/37 MP: 6/6
   629 | D:1      | Found a faded altar of an unknown god.
   749 | D:1      | HP: 1/37 [poisoned by an adder]
   758 | D:1      | HP: 1/37 [frilled lizard (3)]
   758 | D:1      | Slain by an adder

Illustrated notes

Levels and vault maps discovered:
D:1:      dpeg_arrival_leaves_temple_mockup, layout_loops_ring,
          shapermc_ecumenical_altar_mp_vishouse
D:2:      layout_loops_ring

Skill      XL: |  1  2  3 |
---------------+----------+-----
Fighting       | 3 |  3.3
Translocations | 3 |  3.0
Maces & Flails | |  2.9
Throwing       | |  1.0
Dodging        | |  2.1
Spellcasting   | |  2.5

Action                     || total
---------------------------++-------
  Melee: Mace              ||    93
         Headbutt          ||    14
         Punch             ||     1
    Use: Potion            ||     1
   Stab: Sleeping          ||     1
 Armour: Robe              ||   106
  Dodge: Dodged            ||    61
